 Dungeon Crawl Stone Soup version 0.26-a0-259-g1effd001a9 (webtiles) character file.

Game seed: 6069845259487490352

49 wvc the Chopper (level 3, 0/51 HPs)
             Began as a Naga Monk on July 15, 2020.
             Slain by a phantom (1 damage)
             ... on level 2 of the Dungeon.
             The game lasted 00:03:37 (1118 turns).

wvc the Chopper (Naga Monk)                         Turns: 1118, Time: 00:03:37

Health: 0/51       AC:  7    Str: 13    XL:     3   Next: 77%
Magic:  3/3        EV: 10    Int: 10    God:
Gold:   75         SH:  0    Dex: 14    Spells: 2/2 levels left

rFire    . . .     SeeInvis +   a - +0 hand axe
rCold    . . .     Faith    .   (no shield)
rNeg     . . .     Spirit   .   b - +1 robe
rPois    +         Reflect  .   (no helmet)
rElec    .         Harm     .   (no cloak)
rCorr    .         Rnd*Tele +   (no gloves)
MR       .....                  (no barding)
Stlth    ..........             (no amulet)
HPRegen  0.17/turn              d - ring of teleportation
MPRegen  0.08/turn              e - +4 ring of protection

@: berserking (expiring), quick
A: large, see invisible, deformed body, poison resistance, slowness 2, slow
metabolism 1, spit poison 1, AC +1
a: Spit Poison


You were on level 2 of the Dungeon.
You were not hungry.

You visited 1 branch of the dungeon, and saw 2 of its levels.

You collected 75 gold pieces.

Inventory:

Hand Weapons
 a - a +0 hand axe (weapon)
Armour
 b - a +1 robe (worn)
Jewellery
 d - a ring of teleportation (left hand)
 e - a +4 ring of protection (right hand)
Scrolls
 i - a scroll of remove curse
Potions
 f - a potion of flight
 h - a potion of experience {unknown}
Comestibles
 c - 6 rations


   Skills:
 - Level 3.0 Fighting
 + Level 4.6 Axes
 - Level 2.4 Dodging
 - Level 3.0 Stealth


You had 2 spell levels left.
You didn't know any spells.
Your spell library was empty.

Dungeon Overview and Level Annotations

Branches:
Dungeon (2/15)

Altars:


Innate Abilities, Weirdness & Mutations

You cannot wear boots.
Your serpentine skin is tough. (AC +1)
You have supernaturally acute eyesight. (SInv)
Armour fits poorly on your strangely shaped body.
Your system is resistant to poisons. (rPois)
You cover ground very slowly.
You have a slow metabolism.
You can spit poison.


Message History

You closely miss the orc.
The orc is severely wounded.
The orc closely misses you.
You slash the orc!
You kill the orc!
You slash the hobgoblin!
You kill the hobgoblin!
You slash the phantom!
The phantom is severely damaged.
The phantom hits you.
* * * LOW HITPOINT WARNING * * *
You barely miss the phantom.
The phantom is severely damaged.
* * * LOW HITPOINT WARNING * * *
You feel sick.
You are no longer poisoned.
You hit the phantom.
The phantom is severely damaged.
The phantom hits you.
You die...

.....###.##†##...##
#.....[...#. ..<.
#...#.).#..## ###.......#.
... #..#######.######
#..>.<..#. #<.# #......#
#.......## #..+
#....#)###.#.......
#.#########.###.#...##.###..
#.#$..†...#...>.#.####.# .#
..#(......W...###.##...# .#
..#(....g.#@#.....#..#.....#
#..#########.#........#.#####
#... #..#.....####.#
#.##........#.# #.
#......#.#.# .. #......# #..
#.. ##....## ## ... ......
..#. ##....


You could see a phantom.

Vanquished Creatures
  2 adders (D:2)
  A worm (D:2)
  An orc (D:2)
  A ball python (D:1)
  8 bats
  2 giant cockroaches
  3 goblins (D:1)
  4 hobgoblins
  3 kobolds
  2 frilled lizards (D:1)
  3 rats
30 creatures vanquished.

Notes
Turn   | Place    | Note
-------+----------+-------------------------------------------
     0 | D:1      | wvc the Naga Monk began the quest for the Orb.
     0 | D:1      | Reached XP level 1. HP: 21/21 MP: 1/1
   222 | D:1      | Reached XP level 2. HP: 28/28 MP: 2/2
   761 | D:2      | Reached skill level 4 in Axes
   761 | D:2      | Reached XP level 3. HP: 30/34 MP: 3/3
  1084 | D:2      | Noticed a phantom
  1107 | D:2      | HP: 2/51 [orc/cursed -3 trident (4)]
  1112 | D:2      | HP: 2/51 [poisoned by an adder]
  1117 | D:2      | HP: 1/51 [poisoned by an adder]
  1118 | D:2      | Slain by a phantom

Illustrated notes

Levels and vault maps discovered:
D:1:      minmay_arrival_stair_chambers, layout_loops_cross, nrook_uturn
D:2:      layout_basic, first_ration, minmay_misc_feat_diagonals,
          minmay_divided_ellipse

Skill      XL: |  1  2 |
---------------+-------+-----
Axes           | 4 |  4.6
Fighting       | |  3.0
Dodging        | |  2.4
Stealth        | |  3.0

Action                   || total
-------------------------++-------
Melee: Hand axe          ||   100
 Abil: Spit Poison       ||     4
  Use: Scroll            ||     4
       Potion            ||     1
 Stab: Sleeping          ||     3
Armor: Robe              ||    62
Dodge: Dodged            ||    75

Table legend:
 A = Non-vault XP
 B = Vault XP
 C = Vault XP percentage of total XP
 D = Non-vault monster count
 E = Vault monster count
 F = Vault count percentage of total count
                 A         B        C        D         E       F
            +---------+---------+-------+---------+---------+-------
      Total |      46 |      25 |  35.2 |      24 |       6 |  20.0
            +---------+---------+-------+---------+---------+-------
        D:1 |      28 |       0 |   0.0 |      20 |       0 |   0.0
        D:2 |      18 |      25 |  58.1 |       4 |       6 |  60.0
            +---------+---------+-------+---------+---------+-------
